TOP OF THE 1ST |
---|
Culver City Extras batting - Pitching for Menlo Maniacs : RHP Juan Caballero | Pitching: RHP Juan Caballero | | Batting: RHB Mitchell Darragh | 0-0: Ball 1-0: Ball 2-0: Ball 3-0: Called Strike 3-1: Base on Balls | Batting: RHB Jason McIntosh | 0-0: Ball 1-0: Ball 2-0: Ball 3-0: Base on Balls Mitchell Darragh to second | Batting: LHB Tony Smith | 0-0: Ball 1-0: Called Strike 1-1: Foul Ball, location: 2F 1-2: SINGLE (Groundball, 6) (infield hit) Mitchell Darragh to third Jason McIntosh to second | Batting: LHB Buddy Rice | 0-0: Ball 1-0: Ball 2-0: Foul Ball, location: 2F 2-1: Swinging Strike 2-2: Fly out, F8 (Flyball, 78M) Runner from 3rd tags up, SCORES, no throw | Batting: SHB Joey Boyd | 0-0: Foul Ball, location: 2F 0-1: Ball 1-1: Ball 2-1: Called Strike Jason McIntosh steals 3rd base Tony Smith to second 2-2: Ground out 5-3 (Groundball, 56) Jason McIntosh scores | Batting: LHB Richard Bell | 0-0: Ball 1-0: Swinging Strike 1-1: Foul Ball, location: 2F 1-2: Foul Ball, location: 2F 1-2: Strikes out looking | Top of the 1st over - 2 runs, 1 hit, 0 errors, 1 left on base; Culver City 2 - Menlo 0 | BOTTOM OF THE 1ST |
---|
Menlo Maniacs batting - Pitching for Culver City Extras : RHP José García | Pitching: RHP José García | | Batting: LHB Bernardo Rodríguez | 0-0: Called Strike 0-1: Foul Ball, location: 2F 0-2: Ground out 6-3 (Groundball, 6S) | Batting: LHB Dave Lee | 0-0: Ball 1-0: Called Strike 1-1: SINGLE (Groundball, 56D) | Batting: LHB Richard Olvera | 0-0: Ball 1-0: Ball 2-0: Ball 3-0: Foul Ball, location: 2F 3-1: Base on Balls Dave Lee to second | Batting: LHB César Rodríguez | 0-0: Ball 1-0: Foul Ball, location: 2F 1-1: Ball 2-1: Called Strike 2-2: Foul Ball, location: 2F 2-2: Strikes out swinging | Batting: RHB Joe Noble | 0-0: Called Strike 0-1: Fielders Choice at 2nd, U4 (Groundball, 4M) | Bottom of the 1st over - 0 runs, 1 hit, 0 errors, 2 left on base; Culver City 2 - Menlo 0 | TOP OF THE 2ND |
---|
Culver City Extras batting - Pitching for Menlo Maniacs : RHP Juan Caballero | Batting: RHB Clarence Harrison | 0-0: Foul Ball, location: 2F 0-1: Fly out, F7 (Flyball, 78M) | Batting: RHB Dave Anderson | 0-0: Foul Ball, location: 2F 0-1: Foul Ball, location: 2F 0-2: Foul Ball, location: 2F 0-2: Ball 1-2: Ball 2-2: Fly out, F9 (Line Drive, 9) | Batting: RHB Robert Koremans | 0-0: Swinging Strike 0-1: Ball 1-1: Ball 2-1: Called Strike 2-2: Ground out 6-3 (Groundball, 56) | Top of the 2nd over - 0 runs, 0 hits, 0 errors, 0 left on base; Culver City 2 - Menlo 0 | BOTTOM OF THE 2ND |
---|
Menlo Maniacs batting - Pitching for Culver City Extras : RHP José García | Batting: RHB Luis Ramírez | 0-0: Ground out 1-3 (Groundball, 13) | Batting: RHB Jimmy Skinner | 0-0: Ball 1-0: Foul Ball, location: 2F 1-1: Ball 2-1: Foul Ball, location: 2F 2-2: Foul Ball, location: 2F 2-2: Ball 3-2: Base on Balls | Batting: RHB David Strickland | 0-0: SINGLE (Groundball, 23) (infield hit) Jimmy Skinner to second | Batting: RHB Glenn Carter | 0-0: Ball 1-0: Foul Ball, location: 2F 1-1: Called Strike 1-2: Foul Ball, location: 2F 1-2: Strikes out swinging | Batting: LHB Bernardo Rodríguez | 0-0: Fly out, F7 (Flyball, 7) | Bottom of the 2nd over - 0 runs, 1 hit, 0 errors, 2 left on base; Culver City 2 - Menlo 0 | TOP OF THE 3RD |
---|
Culver City Extras batting - Pitching for Menlo Maniacs : RHP Juan Caballero | Batting: RHB Mitchell Darragh | 0-0: Swinging Strike 0-1: Ball 1-1: SINGLE (Line Drive, 8LS) | Batting: RHB Jason McIntosh | 0-0: Ball 1-0: Called Strike 1-1: Ball 2-1: Fly out, F5 (Line Drive, 56) | Batting: LHB Tony Smith | 0-0: Ball 1-0: Ball 2-0: Ball 3-0: Called Strike 3-1: Base on Balls Mitchell Darragh to second | Batting: LHB Buddy Rice | 0-0: Ball 1-0: Fly out, F7 (Line Drive, 7LM) | Batting: SHB Joey Boyd | 0-0: Called Strike 0-1: Foul Ball, location: 2F 0-2: Ball 1-2: Foul Ball, location: 2F 1-2: Ball 2-2: Strikes out looking | Top of the 3rd over - 0 runs, 1 hit, 0 errors, 2 left on base; Culver City 2 - Menlo 0 | BOTTOM OF THE 3RD |
---|
Menlo Maniacs batting - Pitching for Culver City Extras : RHP José García | Batting: LHB Dave Lee | 0-0: Ball 1-0: Foul Ball, location: 2F 1-1: Called Strike 1-2: Ball 2-2: Ball 3-2: Base on Balls | Batting: LHB Richard Olvera | 0-0: SINGLE (Line Drive, 34D) Dave Lee to second | Batting: LHB César Rodríguez | 0-0: Ground out U3 (Groundball, 34S) Dave Lee to third Richard Olvera to second | Batting: RHB Joe Noble | 0-0: Ball 1-0: Ball 2-0: Ball 3-0: Called Strike 3-1: Foul Ball, location: 2F 3-2: Ground out 4-3 (Groundball, 34) Dave Lee scores Richard Olvera to third | Batting: RHB Luis Ramírez | 0-0: Foul Ball, location: 2F 0-1: Called Strike 0-2: Ground out 4-3 (Groundball, 4M) | Bottom of the 3rd over - 1 run, 1 hit, 0 errors, 1 left on base; Culver City 2 - Menlo 1 | TOP OF THE 4TH |
---|
Culver City Extras batting - Pitching for Menlo Maniacs : RHP Juan Caballero | Batting: LHB Richard Bell | 0-0: Fly out, F8 (Flyball, 8LS) | Batting: RHB Clarence Harrison | 0-0: DOUBLE (Line Drive, 9LS) | Batting: RHB Dave Anderson | 0-0: Called Strike Clarence Harrison steals 3rd base 0-1: SINGLE (Groundball, 34D) Clarence Harrison scores | Batting: RHB Robert Koremans | 0-0: Ball 1-0: Called Strike Dave Anderson steals 2nd base 1-1: Foul Ball, location: 2F 1-2: Ball 2-2: Ball 3-2: Base on Balls | Batting: RHB Mitchell Darragh | 0-0: Ball 1-0: Ball 2-0: Foul Ball, location: 2F 2-1: Ball 3-1: Base on Balls Dave Anderson to third Robert Koremans to second | Batting: RHB Jason McIntosh | 0-0: Ball 1-0: Foul Ball, location: 2F 1-1: Swinging Strike 1-2: Fly out, F5 (Popup, 5SF) | Batting: LHB Tony Smith | 0-0: Foul Ball, location: 2F 0-1: SINGLE (Groundball, 6D) Dave Anderson scores Robert Koremans to third Mitchell Darragh to second Runner from 3rd tries for Home, SAFE, no throw | Pitching: RHP Wayne Todd | | Batting: LHB Buddy Rice | 0-0: Called Strike 0-1: Foul Ball, location: 2F 0-2: SINGLE (Line Drive, 4MD) Mitchell Darragh to third Tony Smith to second Runner from 3rd tries for Home, SAFE, no throw | Batting: SHB Joey Boyd | 0-0: Called Strike 0-1: Foul Ball, location: 2F 0-2: Strikes out swinging | Top of the 4th over - 4 runs, 4 hits, 0 errors, 2 left on base; Culver City 6 - Menlo 1 | BOTTOM OF THE 4TH |
---|
Menlo Maniacs batting - Pitching for Culver City Extras : RHP José García | Batting: RHB Jimmy Skinner | 0-0: Ground out 4-3 (Groundball, 4) | Batting: RHB David Strickland | 0-0: Ball 1-0: Ball 2-0: Ball 3-0: Base on Balls | Batting: RHB Glenn Carter | 0-0: SINGLE (Groundball, 6MD) David Strickland to second Runner from 2nd tries for 3rd, SAFE, no throw | Batting: LHB Bernardo Rodríguez | 0-0: Called Strike 0-1: Ball 1-1: Foul Ball, location: 2F 1-2: Fly out, F8 (Flyball, 8RXD) Runner from 3rd tags up, SCORES, no throw | Batting: LHB Dave Lee | 0-0: Called Strike 0-1: Ball 1-1: Fly out, F7 (Flyball, 78S) | Bottom of the 4th over - 1 run, 1 hit, 0 errors, 1 left on base; Culver City 6 - Menlo 2 | TOP OF THE 5TH |
---|
Culver City Extras batting - Pitching for Menlo Maniacs : RHP Wayne Todd | Batting: LHB Richard Bell | 0-0: Ball 1-0: Swinging Strike 1-1: SINGLE (Line Drive, 8LM) | Batting: RHB Clarence Harrison | 0-0: Foul Ball, location: 2F 0-1: Ball 1-1: Fly out, F7 (Line Drive, 7) | Batting: RHB Dave Anderson | 0-0: Ball 1-0: Called Strike 1-1: Ball 2-1: Ball 3-1: Base on Balls Richard Bell to second | Batting: RHB Robert Koremans | 0-0: Called Strike 0-1: Ball 1-1: Ball 2-1: Foul Ball, location: 2F 2-2: Foul Ball, location: 2F 2-2: SINGLE (Groundball, 34D) Richard Bell to third Dave Anderson to second | Batting: RHB Mitchell Darragh | 0-0: Called Strike 0-1: Ball 1-1: Swinging Strike 1-2: Ball Wild Pitch! Richard Bell scores Dave Anderson to third Robert Koremans to second 2-2: Ball 3-2: Base on Balls | Batting: RHB Jason McIntosh | 0-0: Grounds into double play, 3-6-4 (Groundball, 34) | Top of the 5th over - 1 run, 2 hits, 0 errors, 2 left on base; Culver City 7 - Menlo 2 | BOTTOM OF THE 5TH |
---|
Menlo Maniacs batting - Pitching for Culver City Extras : RHP José García | Batting: LHB Richard Olvera | 0-0: Called Strike 0-1: Ball 1-1: Called Strike 1-2: Foul Ball, location: 2F 1-2: Ball 2-2: Ball 3-2: Base on Balls | Batting: LHB César Rodríguez | 0-0: Ball 1-0: Ball 2-0: Ball 3-0: Base on Balls Richard Olvera to second | Batting: RHB Joe Noble | 0-0: Called Strike 0-1: Ball 1-1: Called Strike 1-2: Grounds into double play, 1-6-3 (Groundball, 13) Richard Olvera to third | Batting: RHB Luis Ramírez | 0-0: Ball 1-0: SINGLE (Groundball, 6MD) Richard Olvera scores | Batting: RHB Jimmy Skinner | 0-0: Ball 1-0: Called Strike 1-1: Foul Ball, location: 2F 1-2: Strikes out swinging | Bottom of the 5th over - 1 run, 1 hit, 0 errors, 1 left on base; Culver City 7 - Menlo 3 | TOP OF THE 6TH |
---|
Culver City Extras batting - Pitching for Menlo Maniacs : RHP Wayne Todd | Batting: LHB Tony Smith | 0-0: Ball 1-0: Foul Ball, location: 2F 1-1: Ground out 4-3 (Groundball, 4) | Batting: LHB Buddy Rice | 0-0: Ball 1-0: Called Strike 1-1: Ground out 5-3 (Groundball, 56S) | Batting: SHB Joey Boyd | 0-0: Called Strike 0-1: Ball 1-1: Ball 2-1: Foul Ball, location: 2F 2-2: Foul Ball, location: 2F 2-2: Strikes out swinging | Top of the 6th over - 0 runs, 0 hits, 0 errors, 0 left on base; Culver City 7 - Menlo 3 | BOTTOM OF THE 6TH |
---|
Menlo Maniacs batting - Pitching for Culver City Extras : RHP José García | Batting: RHB David Strickland | 0-0: Foul Ball, location: 2F 0-1: Ball 1-1: Ball 2-1: Ball 3-1: Called Strike 3-2: Base on Balls | Batting: RHB Glenn Carter | 0-0: Ball 1-0: Foul Ball, location: 2F 1-1: SINGLE (Groundball, 4MD) David Strickland to second | Batting: LHB Bernardo Rodríguez | 0-0: Ball 1-0: Foul Ball, location: 2F 1-1: Called Strike 1-2: Fielders Choice at 2nd, 6-4 (Groundball, 6D) David Strickland to third | Batting: LHB Dave Lee | 0-0: Ball 1-0: Called Strike 1-1: Ball 2-1: Ball 3-1: Called Strike 3-2: Base on Balls Bernardo Rodríguez to second | Pitching: LHP Alonso Álvarez | | Batting: LHB Richard Olvera | 0-0: DOUBLE (Line Drive, 8RD) David Strickland scores Bernardo Rodríguez scores Dave Lee to third | Batting: LHB César Rodríguez | 0-0: Called Strike 0-1: Ball 1-1: Foul Ball, location: 2F 1-2: Strikes out swinging | Batting: RHB Joe Noble | 0-0: Called Strike 0-1: Ball 1-1: Called Strike 1-2: Ball 2-2: Foul Ball, location: 2F 2-2: Strikes out swinging | Bottom of the 6th over - 2 runs, 2 hits, 0 errors, 2 left on base; Culver City 7 - Menlo 5 | TOP OF THE 7TH |
---|
Culver City Extras batting - Pitching for Menlo Maniacs : RHP Wayne Todd | Batting: LHB Richard Bell | 0-0: Ground out 6-3 (Groundball, 6) | Batting: RHB Clarence Harrison | 0-0: Called Strike 0-1: Ball 1-1: Ball 2-1: Foul Ball, location: 2F 2-2: Foul Ball, location: 2F 2-2: Strikes out swinging | Batting: RHB Dave Anderson | 0-0: Fly out, F8 (Flyball, 8RM) | Top of the 7th over - 0 runs, 0 hits, 0 errors, 0 left on base; Culver City 7 - Menlo 5 | BOTTOM OF THE 7TH |
---|
Menlo Maniacs batting - Pitching for Culver City Extras : LHP Alonso Álvarez | Batting: RHB Luis Ramírez | 0-0: Ball 1-0: Called Strike 1-1: Ball 2-1: SINGLE (Groundball, 34D) | Pinch Runner at 1st William Rogers: | | Batting: RHB Jimmy Skinner | 0-0: Ball 1-0: Ground out 6-3 (Groundball, 6D) William Rogers to second | Batting: RHB David Strickland | 0-0: Fly out, F8 (Line Drive, 8LD) Runner from 2nd tags up, SAFE at 3rd, no throw | Batting: RHB Glenn Carter | 0-0: Called Strike 0-1: Ball 1-1: Swinging Strike 1-2: Ball 2-2: Strikes out looking | Bottom of the 7th over - 0 runs, 1 hit, 0 errors, 1 left on base; Culver City 7 - Menlo 5 | TOP OF THE 8TH |
---|
Culver City Extras batting - Pitching for Menlo Maniacs : RHP Wayne Todd | Now at SS: William Rogers | | Batting: RHB Robert Koremans | 0-0: Called Strike 0-1: Foul Ball, location: 2F 0-2: Strikes out swinging | Batting: RHB Mitchell Darragh | 0-0: Foul Ball, location: 2F 0-1: Foul Ball, location: 2F 0-2: Ball 1-2: Foul Ball, location: 2F 1-2: Ball 2-2: Ball 3-2: SINGLE (Groundball, 6MD) | Pitching: RHP Tomás Silva | | Batting: RHB Jason McIntosh | 0-0: Ball Mitchell Darragh is caught stealing 2nd base 1-0: SINGLE (Flyball, 9S) | Batting: LHB Tony Smith | 0-0: Called Strike 0-1: Ball 1-1: Foul Ball, location: 2F 1-2: Foul Ball, location: 2F 1-2: Ball 2-2: Ball 3-2: 2-RUN HOME RUN (Line Drive, 7D), Distance : 382 ft | Batting: LHB Buddy Rice | 0-0: Ball 1-0: Ball 2-0: Ball 3-0: Called Strike 3-1: Foul Ball, location: 2F 3-2: Foul Ball, location: 2F 3-2: Foul Ball, location: 2F 3-2: Base on Balls | Batting: SHB Joey Boyd | 0-0: Ball 1-0: Ball 2-0: Ground out 6-3 (Groundball, 6MS) | Top of the 8th over - 2 runs, 3 hits, 0 errors, 1 left on base; Culver City 9 - Menlo 5 | BOTTOM OF THE 8TH |
---|
Menlo Maniacs batting - Pitching for Culver City Extras : LHP Alonso Álvarez | Batting: LHB Bernardo Rodríguez | 0-0: Called Strike 0-1: Foul Ball, location: 2F 0-2: Ball 1-2: Strikes out swinging | Batting: LHB Dave Lee | 0-0: Ball 1-0: Foul Ball, location: 2F 1-1: Called Strike 1-2: SINGLE (Groundball, 34D) | Batting: LHB Richard Olvera | 0-0: Ball 1-0: Ball 2-0: Called Strike 2-1: Ball 3-1: Grounds into double play, 4-6-3 (Groundball, 34) | Bottom of the 8th over - 0 runs, 1 hit, 0 errors, 0 left on base; Culver City 9 - Menlo 5 | TOP OF THE 9TH |
---|
Culver City Extras batting - Pitching for Menlo Maniacs : RHP Tomás Silva | Batting: LHB Richard Bell | 0-0: Ball 1-0: Called Strike 1-1: Called Strike 1-2: Ball 2-2: Ball 3-2: Ground out 1-3 (Groundball, 13) | Batting: RHB Clarence Harrison | 0-0: Ball 1-0: Foul Ball, location: 2F 1-1: Ground out U3 (Groundball, 34S) | Batting: RHB Dave Anderson | 0-0: Ball 1-0: Ball 2-0: Foul Ball, location: 2F 2-1: Ball 3-1: Fly out, F8 (Flyball, 8LM) | Top of the 9th over - 0 runs, 0 hits, 0 errors, 0 left on base; Culver City 9 - Menlo 5 | BOTTOM OF THE 9TH |
---|
Menlo Maniacs batting - Pitching for Culver City Extras : LHP Alonso Álvarez | Batting: LHB César Rodríguez | 0-0: SOLO HOME RUN (Flyball, 89XD), Distance : 416 ft | Pitching: RHP Alejandro Longoria | | Batting: RHB Joe Noble | 0-0: Ground out 4-3 (Groundball, 4) | Batting: RHB William Rogers | 0-0: Called Strike 0-1: Called Strike 0-2: Foul Ball, location: 2F 0-2: Strikes out swinging | Batting: RHB Jimmy Skinner | 0-0: Ball 1-0: Fly out, F5 (Popup, 6S) | Bottom of the 9th over - 1 run, 1 hit, 0 errors, 0 left on base; Culver City 9 - Menlo 6 | |